[Event "Late-Titled-Tuesday-Blitz-January-16-2024"]
[Site "Chess.com"]
[Date "2024.01.16"]
[Round "6"]
[White "Rgoltsman"]
[Black "giomar27"]
[Result "1-0"]
[WhiteElo "2212"]
[BlackElo "2385"]
[TimeControl "180+1"]
[EndTime "15:02:45 PST"]
[Termination "Rgoltsman won by checkmate"]

1. e4 g6 2. d4 Bg7 3. Nc3 a6 4. Be3 b5 5. a3 d6 6. Nf3 Bb7 7. Qd2 Nd7 8. Be2 e6 9. O-O Ne7 10. Bh6 O-O 11. Rae1 c5 12. Bxg7 Kxg7 13. dxc5 Nxc5 14.
Qf4 e5 15. Qe3 Ne6 16. Rd1 Qc7 17. Rd2 f5 18. Bd3 f4 19. Qe2 g5 20. Nd5 Nxd5 21.
exd5 Bxd5 22. Nxg5 Nxg5 23. Qg4 Qe7 24. h4 h6 25.
Bxb5 Be6 26. Qh5 axb5 27. hxg5 hxg5 28. Rfd1 Rh8 29. Qf3 d5 30. Qc3 d4 31. Qc6 Rab8 32. Re1 Bd7 33. Qd5 Rbe8 34. Rxd4 exd4 35. Rxe7+ Rxe7 36. Qxd4+ Kf7 37. Qxh8 g4 38. Qh7+ Ke8 39.
Qg8# 1-0

[Event "Late-Titled-Tuesday-Blitz-January-16-2024"]
[Site "Chess.com"]
[Date "2024.01.16"]
[Round "6"]
[White "OYAcosta"]
[Black "mbchess97"]
[Result "1/2-1/2"]
[WhiteElo "2133"]
[BlackElo "2373"]
[TimeControl "180+1"]
[EndTime "15:02:46 PST"]
[Termination "Game drawn by repetition"]

1. d4 Nf6 2. Nf3 e6 3. c4 d5 4. Nc3 Bb4 5. Bd2 dxc4 6. e3 O-O 7. Bxc4 c5 8. a3 cxd4 9. exd4 Be7 10. O-O Nc6 11.
Be3 Nd5 12. Nxd5 exd5 13. Bd3 Bg4 14. h3 Bh5 15. Rc1 Bf6 16. Be2 Qb6 17. Rc5 Qxb2 18.
Rxd5 Bg6 19. Rb5 Qxa3 20. Rxb7 a5 21. Qd2 Rfd8 22. Rc1 Nb4 23. Rcc7 Nd5 24. Rd7 Rxd7 25. Rxd7 Nxe3 26. fxe3 a4 27. Bc4 Qa1+ 28. Kh2 a3 29. e4 Bxe4 30. Rxf7 Kh8 31. Rxf6 gxf6 32. Qf4 Rf8 33.
Qxe4 a2 34. Bd3 Rf7 35. Ng5 fxg5 36. Qe5+ Rg7 37. Qe8+ Rg8 38. Qe5+ Rg7 39. Qe8+ Rg8 40. Qe5+ Rg7 1/2-1/2

[Event "Late-Titled-Tuesday-Blitz-January-16-2024"]
[Site "Chess.com"]
[Date "2024.01.16"]
[Round "6"]
[White "AmanteDeMoi"]
[Black "Yaacovn"]
[Result "0-1"]
[WhiteElo "2588"]
[BlackElo "2899"]
[TimeControl "180+1"]
[EndTime "15:02:48 PST"]
[Termination "Yaacovn won on time"]

1. Nf3 Nf6 2. b3 d5 3. Bb2 c6 4.
e3 Bg4 5. Be2 Nbd7 6. O-O Bxf3 7.
Bxf3 g6 8. c4 e6 9. Qc2 Bg7 10. d4 O-O 11. Nd2 Re8 12. Rad1 Qe7 13. e4 dxe4 14. Nxe4 Nxe4 15. Qxe4 Rad8 16. Rfe1 Qb4 17.
Qc2 a6 18. Bc3 Qd6 19. h4 Qf4 20. Re4 Qc7 21. h5 Nf6 22. Ree1 g5 23. Qe2 h6 24. g3 Rd7 25. Qe3 Red8 26. Rd3 Ne8 27. Red1 Nd6 28.
Qe1 Nf5 29. Qd2 Bxd4 30. g4 Qg3+ 31. Kf1 Bxf2 0-1

[Event "Late-Titled-Tuesday-Blitz-January-16-2024"]
[Site "Chess.com"]
[Date "2024.01.16"]
[Round "6"]
[White "2346PL"]
[Black "glebus008"]
[Result "0-1"]
[WhiteElo "2512"]
[BlackElo "2333"]
[TimeControl "180+1"]
[EndTime "15:02:48 PST"]
[Termination "glebus008 won by checkmate"]

1. d4 d5 2. Nf3 Nf6 3. c3 c5 4. e3 cxd4 5. exd4 Nc6 6. Bd3 Bg4 7.
h3 Bh5 8. O-O e6 9. Bf4 Bd6 10.
Bxd6 Qxd6 11. Re1 O-O 12. Nbd2 Rab8 13. a4 Qc7 14. Qb3 Bg6 15. Bf1 Rfc8 16. Ne5 Nxe5 17. Rxe5 Ne4 18. Nxe4 Bxe4 19. f3 Bg6 20. Qd1 a5 21. h4 h5 22. Bd3 Bxd3 23. Qxd3 g6 24. f4 Qc4 25. Qd2 b5 26. axb5 Rxb5 27. Rae1 Rcb8 28.
R1e2 Qa2 29. f5 Rxb2 30. Qf4 Rxe2 31. Rxe2 Rb1+ 32. Kf2 Rb2 33. Rxb2 Qxb2+ 34. Kg1 Qb1+ 35. Kh2 Qxf5 36. Qc7 a4 37. Qa7 Qf4+ 38. g3 Qf2+ 39.
Kh3 Qg1 40. Qb8+ Kh7 41. g4 hxg4# 0-1

[Event "Late-Titled-Tuesday-Blitz-January-16-2024"]
[Site "Chess.com"]
[Date "2024.01.16"]
[Round "6"]
[White "MusicCityMaster"]
[Black "mightysmasher"]
[Result "0-1"]
[WhiteElo "2412"]
[BlackElo "2566"]
[TimeControl "180+1"]
[EndTime "15:02:49 PST"]
[Termination "mightysmasher won by resignation"]

1. d4 d5 2. c4 e6 3. Nc3 Be7 4. cxd5 exd5 5. Bf4 Nf6 6. e3 c6 7. h3 O-O 8. Bd3 Re8 9. Nf3 h6 10. O-O Bd6 11. Bxd6 Qxd6 12. Rb1 Nbd7 13. b4 b5 14. a4 a6 15. Qc2 Nb6 16. Ne5 Bb7 17. f4 Nc4 18.
Bxc4 dxc4 19. Qf2 Rad8 20. Qh4 Nd5 21. Ne4 Qe7 22. Qxe7 Rxe7 23. Nc5 Nxe3 24. Rf3 Nf5 25. Nxb7 Rxb7 26. Nxc6 Rd6 27. axb5 axb5 28. d5 Rxd5 29. Ra3 Nd4 30. Ra8+ Kh7 31. Ne5 f6 32. Ng4 Re7 33.
Kh2 h5 34. Nf2 c3 35. Rc8 c2 36. Rc1 Re2 37. Nh1 h4 38. Kg1 Rd2 39. Nf2 Ne2+ 40.
Kf1 Nxc1 41. Ng4 Nd3 0-1

[Event "Late-Titled-Tuesday-Blitz-January-16-2024"]
[Site "Chess.com"]
[Date "2024.01.16"]
[Round "6"]
[White "jk13"]
[Black "dosto07"]
[Result "1-0"]
[WhiteElo "2692"]
[BlackElo "2532"]
[TimeControl "180+1"]
[EndTime "15:02:50 PST"]
[Termination "jk13 won by resignation"]

1. e4 e5 2. Nf3 Nc6 3. Bc4 Bc5 4. c3 Nf6 5. d3 d6 6. Bb3 a6 7. Nbd2 Ba7 8. h3 h6 9. Nf1 Be6 10. Ng3 Qd7 11. Ba4 b5 12. Bc2 O-O 13. Nh4 d5 14. Qf3 dxe4 15. dxe4 Ne8 16. O-O Nd6 17. Nh5 f5 18.
exf5 Nxf5 19. Nxf5 Bxf5 20. Bxf5 Rxf5 21. Qg4 Qf7 22.
Nxg7 Rxf2 23. Nf5+ Kh7 24. Be3 Bxe3 25. Nxe3 Rxf1+ 26. Rxf1 Qg6 27. Qd7+ Kh8 28. Ng4 Qd6 29. Qf7 Rg8 30. Rf6 Qc5+ 31. Kh2 1-0

[Event "Late-Titled-Tuesday-Blitz-January-16-2024"]
[Site "Chess.com"]
[Date "2024.01.16"]
[Round "6"]
[White "Antipov_Mikhail_Al"]
[Black "GMAkobianSTL"]
[Result "1-0"]
[WhiteElo "2915"]
[BlackElo "2704"]
[TimeControl "180+1"]
[EndTime "15:02:55 PST"]
[Termination "Antipov_Mikhail_Al won by resignation"]

1. e4 d6 2. d4 Nf6 3. Nc3 c6 4. Nf3 Bg4 5. Be3 e6 6. Be2 d5 7. exd5 cxd5 8. O-O Nc6 9. h3 Bh5 10. Ne5 Bxe2 11. Qxe2 Bd6 12. f4 O-O 13. Qd3 Rc8 14.
a3 Ne7 15. g4 a6 16. Rae1 Qc7 17. Re2 Rfd8 18. Bf2 Ng6 19. Qf3 b5 20. h4 Bxa3 21. h5 Ne7 22. h6 Bxb2 23. Nd1 Bc1 24. hxg7 Ne4 25. Bh4 f6 26. Nd3 Ba3 27. f5 exf5 28. gxf5 Bd6 29. Ne3 Kxg7 30. Rg2+ Kh8 31. Qxe4 Ng6 32.
Bxf6+ 1-0

[Event "Late-Titled-Tuesday-Blitz-January-16-2024"]
[Site "Chess.com"]
[Date "2024.01.16"]
[Round "6"]
[White "Godzillator"]
[Black "agvega14"]
[Result "1-0"]
[WhiteElo "2339"]
[BlackElo "2134"]
[TimeControl "180+1"]
[EndTime "15:02:55 PST"]
[Termination "Godzillator won by resignation"]

1. d4 d5 2. Nf3 Nf6 3. Bg5 Ne4 4.
Bf4 c5 5. dxc5 Nc6 6. e3 e6 7. a3 Nxc5 8. Be2 Be7 9. O-O O-O 10. b4 Ne4 11. c4 Bf6 12. Ra2 a6 13. cxd5 exd5 14. Nfd2 Be6 15. Nxe4 dxe4 16. Rd2 Qb6 17. Qc2 Rac8 18. Qxe4 Rfe8 19. Qf3 a5 20. b5 Ne5 21. Qg3 Nc4 22. Rc2 Qxb5 23. Rfc1 Qa6 24. a4 b5 25.
axb5 Qxb5 26. Na3 Nxa3 27. Bxb5 Nxc2 28. Bxe8 Bb2 29. Be5 Bxe5 30. Qxe5 Rxe8 31. Rxc2 Rd8 32. h4 h6 33. Qxa5 Rd1+ 34. Kh2 Rd8 35. Qxd8+ 1-0

[Event "Late-Titled-Tuesday-Blitz-January-16-2024"]
[Site "Chess.com"]
[Date "2024.01.16"]
[Round "6"]
[White "treadstone_71"]
[Black "rdarruda"]
[Result "0-1"]
[WhiteElo "2271"]
[BlackElo "2493"]
[TimeControl "180+1"]
[EndTime "15:02:58 PST"]
[Termination "rdarruda won on time"]

1. e4 c5 2. Nf3 Nc6 3. d4 cxd4 4. Nxd4 e5 5. Nb5 a6 6. Nd6+ Bxd6 7. Qxd6 Qe7 8. Qd1 Nf6 9. Nc3 d6 10. Bg5 Be6 11. Be2 O-O 12. O-O Nd4 13. Qd2 h6 14.
Be3 Nxe2+ 15. Qxe2 Rac8 16. Rad1 Bc4 17. Qf3 Bxf1 18.
Kxf1 b5 19. a3 Rc4 20. Qf5 Rfc8 21. g4 Qe6 22. h3 Qxf5 23. gxf5 R8c6 24. f3 Kf8 25. Ke2 Ke7 26. Rd2 Rxc3 27. bxc3 Rxc3 28. a4 bxa4 29. Rd1 Rxc2+ 30. Kd3 Ra2 31. Kc4 Kd7 32. Kb4 Re2 33. Rd3 Rh2 34. Kxa4 Rxh3 35. Bc5 Nxe4 36.
Ba3 Kc6 37. Ka5 Nc5 38. Rc3 e4 0-1

[Event "Late-Titled-Tuesday-Blitz-January-16-2024"]
[Site "Chess.com"]
[Date "2024.01.16"]
[Round "6"]
[White "dianamirza"]
[Black "ToddBryant"]
[Result "0-1"]
[WhiteElo "2005"]
[BlackElo "2307"]
[TimeControl "180+1"]
[EndTime "15:02:59 PST"]
[Termination "ToddBryant won by resignation"]

1. e4 c5 2. Nf3 d6 3. d4 cxd4 4. Nxd4 Nf6 5. Nc3 g6 6. f3 Bg7 7.
Be3 O-O 8. Qd2 Nc6 9. O-O-O Bd7 10. g4 Rc8 11. h4 Ne5 12. h5 Qa5 13. Kb1 Nxf3 14.
Nxf3 Rxc3 15. Qxc3 Qxc3 16. bxc3 Bxg4 17. h6 Bh8 18.
Bg2 Nxe4 19. Rd3 Nxc3+ 20. Kc1 Nxa2+ 21. Kd2 Nb4 22. Rb3 a5 23. Nd4 Rc8 24. Bxb7 Rc7 25. Bf3 Bxd4 26. Bxg4 Rxc2+ 27. Kd1 Bxe3 28. Rxe3 e5 29. Rb3 Ra2 30. Be2 Ra1+ 31. Kd2 Rxh1 32. Rc3 Rxh6 33. Rc8+ Kg7 34. Bc4 d5 35. Rc7 0-1

[Event "Late-Titled-Tuesday-Blitz-January-16-2024"]
[Site "Chess.com"]
[Date "2024.01.16"]
[Round "6"]
[White "Zhigalko_Sergei"]
[Black "BardArtem"]
[Result "1-0"]
[WhiteElo "2976"]
[BlackElo "2810"]
[TimeControl "180+1"]
[EndTime "15:03:00 PST"]
[Termination "Zhigalko_Sergei won by resignation"]

1. e4 e5 2. Nf3 Nc6 3. Bc4 Bc5 4.
O-O Nf6 5. d3 d6 6. c3 O-O 7.
Nbd2 a6 8. Bb3 Ba7 9. h3 Be6 10. Re1 Re8 11. Nf1 h6 12. Be3 Bxe3 13. Nxe3 d5 14.
exd5 Nxd5 15. Nc4 f6 16. d4 b5 17. Ne3 Nxe3 18. Rxe3 Bxb3 19. Qxb3+ Kh8 20. Rae1 Na5 21. Qc2 Nc4 22. R3e2 Qd5 23. b3 Nd6 24. dxe5 fxe5 25. Nxe5 Qc5 26. Ng6+ Kg8 27. Ne7+ Kh8 28. Re5 Qb6 29.
Ng6+ Kg8 30. Ne7+ Kh8 31. Qg6 Rf8 32. Qg3 Rf6 33. Nd5 Nf5 34. Nxb6 Nxg3 35. Nxa8 1-0

[Event "Late-Titled-Tuesday-Blitz-January-16-2024"]
[Site "Chess.com"]
[Date "2024.01.16"]
[Round "6"]
[White "Hikaru"]
[Black "TigrVShlyape"]
[Result "1-0"]
[WhiteElo "3234"]
[BlackElo "2945"]
[TimeControl "180+1"]
[EndTime "15:03:05 PST"]
[Termination "Hikaru won on time"]

1. e4 e5 2. Bc4 Nf6 3. d3 c6 4. Nf3 d5 5. Bb3 Bb4+ 6. Bd2 Bxd2+ 7. Qxd2 dxe4 8. Nxe5 O-O 9. Nxf7 Rxf7 10. dxe4 Qe7 11. Bxf7+ Kxf7 12. f3 Be6 13. Nc3 Nbd7 14. O-O Nb6 15.
b3 Qc5+ 16. Kh1 Kg8 17. Ne2 Nbd7 18. Rad1 Re8 19. Nf4 Bf7 20. Nd3 Qd4 21. Rfe1 h6 22. c3 Qb6 23. e5 Nd5 24. c4 Nc7 25. f4 Bh5 26. Rc1 Bg6 27. Nf2 Nc5 28. g4 Bf7 29. f5 N7a6 30. e6 Nxe6 31. fxe6 Rxe6 32. Rxe6 Bxe6 33.
Re1 Bf7 34. Kg2 Qc7 35. Qd4 b6 36. Rd1 Kh7 37. Nd3 c5 38. Qe3 Bg6 39. Nf4 Nb4 40.
Nxg6 Qc6+ 41. Qf3 Qxg6 42. Qf5 Nc6 43. Qxg6+ 1-0

[Event "Late-Titled-Tuesday-Blitz-January-16-2024"]
[Site "Chess.com"]
[Date "2024.01.16"]
[Round "6"]
[White "vladoboch"]
[Black "jinxy2009"]
[Result "1-0"]
[WhiteElo "2412"]
[BlackElo "2243"]
[TimeControl "180+1"]
[EndTime "15:03:07 PST"]
[Termination "vladoboch won by resignation"]

1. e4 c6 2. d4 d5 3. e5 Bf5 4. h4 h5 5. c4 e6 6. Nc3 Ne7 7. Bg5 Nd7 8. cxd5 exd5 9. Bd3 Bxd3 10. Qxd3 Qb6 11. Nf3 O-O-O 12. O-O Kb8 13. b4 Ng6 14. b5 Be7 15. a4 Bxg5 16. a5 Qc7 17. Nxg5 Nf4 18.
Qf3 Ne6 19. Nxe6 fxe6 20. Rfb1 Ka8 21. b6 Qb8 22. a6 Nxb6 23. Na4 Qc7 24. axb7+ Kxb7 25. Nc5+ Kc8 26. Nxe6 Qe7 27. Qh3 Kb7 28. Nc5+ Kb8 29.
Rxb6+ axb6 30. Qa3 1-0

[Event "Late-Titled-Tuesday-Blitz-January-16-2024"]
[Site "Chess.com"]
[Date "2024.01.16"]
[Round "6"]
[White "Actuary44"]
[Black "Hirna2005"]
[Result "1-0"]
[WhiteElo "2491"]
[BlackElo "2261"]
[TimeControl "180+1"]
[EndTime "15:03:08 PST"]
[Termination "Actuary44 won by resignation"]

1. e4 g6 2. d4 Bg7 3. Nc3 d6 4.
Be3 a6 5. f3 b5 6. Qd2 Nd7 7.
O-O-O Bb7 8. h4 h5 9. Nh3 Rc8 10. Ng5 Ngf6 11. Bd3 c5 12. d5 b4 13. Nb1 c4 14. Be2 Qa5 15. c3 Qxa2 16. Bd4 Nc5 17. Bxc5 Rxc5 18. cxb4 Rc8 19. Nc3 Qb3 20. Qc2 Qxb4 21.
Qa4+ Qxa4 22. Nxa4 Nd7 23. Kc2 O-O 24. g4 hxg4 25.
fxg4 Ne5 26. h5 Bh6 27. Nh3 gxh5 28. g5 Bg7 29. Bxh5 e6 30. Nf4 exd5 31. Nxd5 Nd3 32.
Ne7+ Kh8 33. Bg4+ Bh6 34. Rxh6+ Kg7 35. Rdh1 Bxe4 36. Nf5+ Bxf5 37. Bxf5 Rh8 38. Bxc8 Rxc8 39. Rxd6 Nf2 40. Rh4 Re8 41. Rd2 Ne4 42. Re2 1-0

[Event "Late-Titled-Tuesday-Blitz-January-16-2024"]
[Site "Chess.com"]
[Date "2024.01.16"]
[Round "6"]
[White "mr_gustavo"]
[Black "chesspreceptor"]
[Result "1-0"]
[WhiteElo "2748"]
[BlackElo "2575"]
[TimeControl "180+1"]
[EndTime "15:03:10 PST"]
[Termination "mr_gustavo won by resignation"]

1. d4 d5 2. Nf3 Nf6 3. Bf4 c5 4. e3 Nc6 5. Bb5 Bg4 6. O-O e6 7. c3 Bd6 8. Bxd6 Qxd6 9. Be2 O-O 10. Nbd2 e5 11. dxe5 Nxe5 12. Nxe5 Bxe2 13. Qxe2 Qxe5 14. h3 Rfe8 15. Nf3 Qh5 16. Rad1 a6 17. Qc2 Rad8 18. a4 Ne4 19. c4 Rd6 20. Rxd5 Rxd5 21. cxd5 Qxd5 22. Rd1 Qc6 23. a5 g6 24. Qc4 Nd6 25. Qd5 Ne4 26. Qc4 b5 27. axb6 Qxb6 28. Rd7 Qe6 29. Qd3 c4 30. Qd1 Rb8 31. Rd8+ Rxd8 32. Qxd8+ Kg7 33. Qd4+ f6 34. Qa7+ Kh6 35. Nd4 Qd6 36. Qb7 Nc5 37. Qf7 Nd3 38. Ne6 1-0

[Event "Late-Titled-Tuesday-Blitz-January-16-2024"]
[Site "Chess.com"]
[Date "2024.01.16"]
[Round "6"]
[White "Verony64"]
[Black "wanyaland"]
[Result "0-1"]
[WhiteElo "2191"]
[BlackElo "2474"]
[TimeControl "180+1"]
[EndTime "15:03:10 PST"]
[Termination "wanyaland won by resignation"]

1. e4 c5 2. Nc3 Nc6 3. d3 g6 4. g3 Bg7 5. Bg2 Nf6 6. f4 d6 7. h3 O-O 8. Nf3 Rb8 9. O-O b5 10. Ne2 b4 11. g4 a5 12. Be3 Nd7 13. Rb1 a4 14. c3 Ba6 15. Qd2 a3 16. bxa3 bxc3 17.
Nxc3 Qa5 18. Nd5 Qxd2 19. Nxd2 Bxd3 20. Rxb8 Rxb8 21. Rf2 e6 22. e5 exd5 23. Bxd5 Ne7 24.
Bb3 dxe5 25. fxe5 Nxe5 26. Bxc5 N7c6 27. Nf3 Nxf3+ 28. Rxf3 Ne5 29. Bxf7+ Kh8 30. Re3 Rc8 31. Bb4 Ba6 32. Bb3 Bb7 33. Kh2 h5 34. gxh5 gxh5 35. Kg3 Ng6 36. Be6 h4+ 37. Kg4 Re8 38. Bc5 Ne5+ 39.
Kf5 Nf3 40. Re4 Bxe4+ 41. Kxe4 Ng5+ 0-1

[Event "Late-Titled-Tuesday-Blitz-January-16-2024"]
[Site "Chess.com"]
[Date "2024.01.16"]
[Round "6"]
[White "LyonBeast"]
[Black "MikaelyanArman"]
[Result "1-0"]
[WhiteElo "3158"]
[BlackElo "2861"]
[TimeControl "180+1"]
[EndTime "15:03:11 PST"]
[Termination "LyonBeast won on time"]

1. e4 e5 2. Nf3 Nc6 3. Bc4 Nf6 4. d3 Bc5 5. c3 d6 6. O-O a6 7. a4 Ba7 8. Re1 O-O 9. Nbd2 Ne7 10. Nf1 Ng6 11. Ng3 c6 12. Bb3 d5 13. Bg5 Qb6 14. Bxf6 Qxf2+ 15. Kh1 Nf4 16. Re2 Nxe2 17. Bxe5 Nxg3+ 18. Bxg3 Qe3 19. exd5 Bf5 20. d4 Bb8 21. d6 Be6 22.
Bc2 Bd5 23. Qf1 Qh6 24. Ne5 Bxd6 25. Re1 Bxe5 26. dxe5 Rad8 27. Qf2 Be6 28. Bf4 Qh5 29. h3 Bf5 30. Bb3 Be6 31. Bc2 Bf5 32. Bb3 Rd3 33. Kg1 Rfd8 34. Be3 Be6 35. Bc2 R3d7 36. Rf1 a5 37. Qg3 Bc4 38. Rf5 Qe2 39. Rf2 Qe1+ 40. Kh2 Bd3 41. Bb3 Bg6 42. e6 Re7 43. Bb6 1-0

[Event "Late-Titled-Tuesday-Blitz-January-16-2024"]
[Site "Chess.com"]
[Date "2024.01.16"]
[Round "6"]
[White "StellarChess"]
[Black "IlanSchnaider"]
[Result "0-1"]
[WhiteElo "2583"]
[BlackElo "2801"]
[TimeControl "180+1"]
[EndTime "15:03:11 PST"]
[Termination "IlanSchnaider won by resignation"]

1. d4 d5 2. Nf3 Nf6 3. g3 g6 4. Bg2 Bg7 5. O-O O-O 6. b3 c5 7. e3 Ne4 8. Bb2 Nc6 9. Qc1 cxd4 10. Nxd4 Nxd4 11. Bxd4 e5 12. Bb2 Qc7 13. Nd2 Nc3 14.
Bxc3 Qxc3 15. Bxd5 Rd8 16. e4 Bh6 17. Nb1 Bxc1 18.
Nxc3 Bb2 19. Ne2 Bxa1 20. Rxa1 Be6 21. c4 Bxd5 22. exd5 b5 23. cxb5 Rxd5 24. a4 Rc8 25.
Rb1 Rc2 26. Kf1 Rdd2 27. Re1 Rb2 28. a5 Rxb3 29. b6 axb6 30. axb6 Rxb6 31. Nc3 Rbb2 32. Ne4 Rdc2 33. g4 h6 34. h4 Kg7 35. g5 hxg5 36.
hxg5 Rc8 37. Kg2 Rb4 38. f3 Rc2+ 39. Kg3 Rbb2 40. Rg1 Re2 41. Ra1 Rb3 42. Rf1 Rxe4 0-1

[Event "Late-Titled-Tuesday-Blitz-January-16-2024"]
[Site "Chess.com"]
[Date "2024.01.16"]
[Round "6"]
[White "jup1978"]
[Black "brm72"]
[Result "0-1"]
[WhiteElo "2479"]
[BlackElo "2697"]
[TimeControl "180+1"]
[EndTime "15:03:11 PST"]
[Termination "brm72 won by checkmate"]

1. d4 Nf6 2. Nf3 e6 3. c4 c5 4. d5 exd5 5. cxd5 g6 6. Nc3 d6 7.
h3 Bg7 8. Bf4 a6 9. a4 O-O 10. e3 Re8 11. Be2 Bf5 12. O-O Ne4 13. Nxe4 Bxe4 14. Qb3 Bxf3 15. Bxf3 Qc7 16. Rfc1 Nd7 17. a5 Rab8 18. Rc2 b5 19. axb6 Rxb6 20. Qc4 Qb7 21. Ra2 Ne5 22. Bxe5 Bxe5 23. Be2 Ra8 24. g3 a5 25. f4 Bxb2 26. e4 Rb4 27. Qd3 a4 28.
Bf3 a3 29. Qe2 Bd4+ 30. Kg2 Qe7 31. Qd3 Rb2 32. Rcxb2 Bxb2 33. e5 Rb8 34. e6 Rb4 35. f5 Rd4 36. Qc2 Kg7 37. fxg6 hxg6 38. exf7 Qxf7 39. h4 Qf6 40. Qb3 Rd2+ 41. Kh3 Qf5+ 42. Bg4 Qe4 43. Qb7+ Kh6 44. Be6 Qg2+ 45. Kg4 Rd4# 0-1

[Event "Late-Titled-Tuesday-Blitz-January-16-2024"]
[Site "Chess.com"]
[Date "2024.01.16"]
[Round "6"]
[White "IranianCheetah"]
[Black "HaryKane"]
[Result "0-1"]
[WhiteElo "2368"]
[BlackElo "2553"]
[TimeControl "180+1"]
[EndTime "15:03:12 PST"]
[Termination "HaryKane won on time"]

1. e4 d6 2. d4 g6 3. Nc3 Bg7 4. f4 Nf6 5. Nf3 O-O 6. Bd3 Na6 7. O-O c5 8. Bxa6 bxa6 9. dxc5 dxc5 10. e5 Nd7 11. b3 Bb7 12. Bb2 c4 13. b4 Qb6+ 14. Kh1 Rfd8 15. Qe2 Qxb4 16. Rab1 Qa5 17. e6 Bxf3 18.
exf7+ Kxf7 19. Rxf3 Rab8 20. Re1 Rxb2 21. Qe6+ Kf8 22.
f5 g5 23. Qxe7+ Kg8 24. f6 Nxf6 25. Rxf6 Rbb8 26. Rf7 Qxc3 27. Qe6 Kh8 28. Ref1 Qe5 29. Qg4 h6 30. Qh5 Rf8 31. Qg6 Rxf7 32. Qxf7 Rf8 33.
Qxc4 Rxf1+ 34. Qxf1 Qa1 35. Qxa1 Bxa1 36. h4 g4 37. Kh2 Be5+ 38. Kg1 Kg7 39. Kf1 Kf6 40.
Ke2 Kf5 41. Kd3 Bg3 42. Kc4 Bxh4 43. Kd5 Bf2 44. c4 h5 45. c5 h4 46. c6 Bb6 47.
Kd6 h3 48. gxh3 gxh3 49. Kd7 h2 50. c7 Bxc7 51. Kxc7 h1=Q 0-1

[Event "Late-Titled-Tuesday-Blitz-January-16-2024"]
[Site "Chess.com"]
[Date "2024.01.16"]
[Round "6"]
[White "SilencerBaba"]
[Black "protectiago"]
[Result "1-0"]
[WhiteElo "2314"]
[BlackElo "2041"]
[TimeControl "180+1"]
[EndTime "15:03:12 PST"]
[Termination "SilencerBaba won on time"]

1. e4 e5 2. Nf3 Nc6 3. Bc4 Bc5 4.
d3 Nf6 5. c3 d6 6. Be3 Bxe3 7.
fxe3 O-O 8. O-O d5 9. exd5 Nxd5 10. Qe2 Be6 11. Nbd2 Qd7 12. Ne4 b6 13. Neg5 Bg4 14.
h3 Bh5 15. g4 Bg6 16. Nh4 Nce7 17. Qf3 c6 18. Rf2 b5 19. Bb3 Bxd3 20. Rd1 e4 21.
Nxe4 Bxe4 22. Qxe4 Rae8 23. Qf3 Qc7 24. e4 Nf6 25. g5 Nd7 26. Bxf7+ Kh8 27. g6 Nxg6 28. Nxg6+ hxg6 29. Qg4 Qe5 30. Rf5 Nf6 31. Qh4+ Nh5 32.
Rxe5 Rxe5 33. Bxg6 1-0

[Event "Late-Titled-Tuesday-Blitz-January-16-2024"]
[Site "Chess.com"]
[Date "2024.01.16"]
[Round "6"]
[White "pr1105"]
[Black "sjoerd893"]
[Result "0-1"]
[WhiteElo "2268"]
[BlackElo "2501"]
[TimeControl "180+1"]
[EndTime "15:03:16 PST"]
[Termination "sjoerd893 won by resignation"]

1. e4 c5 2. Nf3 Nc6 3. Bb5 g6 4. Bxc6 dxc6 5. d3 Nf6 6. h3 Bg7 7. Be3 Nd7 8. Nc3 e5 9. Qd2 h6 10. O-O b6 11. Nh2 Nf8 12. f4 exf4 13. Rxf4 Ne6 14.
Rf2 O-O 15. Bxh6 Bxh6 16. Qxh6 Qg5 17. Qxg5 Nxg5 18. Nf3 Nxf3+ 19. Rxf3 Kg7 20. g4 Be6 21. a4 a5 22. b3 Rad8 23. Kg2 Rh8 24. Kg3 g5 25.
Nd1 Rh6 26. Ne3 Rdh8 27. Rh1 Rf6 28. Rhf1 Rfh6 29. Kg2 f6 30. Rh1 Rh4 31. Nc4 Bxg4 32. Rg3 Be6 33. Nxb6 g4 34. Nc4 Bxc4 35. bxc4 Rb8 36. Rxg4+ Rxg4+ 37. hxg4 Rb2 38. Kf3 Rxc2 39. Rh5 Ra2 40. Rxc5 Rxa4 41. Rxc6 Ra1 42. Ra6 a4 43. c5 a3 44. Ke3 Kf7 45. Kd4 a2 46. c6 Ke7 47. g5 fxg5 48. Ke5 g4 49. d4 g3 50. d5 g2 51. d6+ Kf7 52. Ra7+ Kg6 53. d7 Rd1 54. Rxa2 g1=Q 55. c7 Qd4+ 0-1

[Event "Late-Titled-Tuesday-Blitz-January-16-2024"]
[Site "Chess.com"]
[Date "2024.01.16"]
[Round "6"]
[White "scandalgod"]
[Black "PepeCuenca"]
[Result "0-1"]
[WhiteElo "2516"]
[BlackElo "2686"]
[TimeControl "180+1"]
[EndTime "15:03:19 PST"]
[Termination "PepeCuenca won by resignation"]

1. d4 Nf6 2. c4 g6 3. Nc3 Bg7 4. e4 d6 5. f4 c5 6. d5 O-O 7. Nf3 e6 8. Be2 exd5 9. cxd5 Nbd7 10. O-O Re8 11. Nd2 c4 12. Bxc4 Nc5 13. Bb5 Re7 14. e5 dxe5 15. fxe5 Rxe5 16. Nf3 Rh5 17. Bf4 Nxd5 18.
Bg5 f6 19. Qxd5+ Qxd5 20. Nxd5 fxg5 21. Rad1 Be6 22. Rfe1 g4 23. Rxe6 Nxe6 24. Ne1 Bd4+ 25. Kh1 Rxd5 26. Bc4 Rd6 27. Nc2 Rad8 28. Rxd4 Rxd4 29.
Bxe6+ Kg7 30. Nxd4 Rxd4 31. Bxg4 Rxg4 0-1

[Event "Late-Titled-Tuesday-Blitz-January-16-2024"]
[Site "Chess.com"]
[Date "2024.01.16"]
[Round "6"]
[White "DenizG123"]
[Black "MrChessSponge"]
[Result "0-1"]
[WhiteElo "2128"]
[BlackElo "2554"]
[TimeControl "180+1"]
[EndTime "15:03:22 PST"]
[Termination "MrChessSponge won on time"]

1. c4 g6 2. Nc3 Bg7 3. g3 c5 4.
Bg2 Nc6 5. d3 e5 6. e3 d6 7.
Nge2 Nge7 8. a3 O-O 9. Rb1 a5 10.
O-O Be6 11. Nb5 d5 12. cxd5 Nxd5 13. Nec3 Nde7 14. Qc2 Rc8 15. b3 Qd7 16. Bb2 b6 17. Rfd1 Nd4 18. exd4 cxd4 19. a4 dxc3 20. Nxc3 Nd5 21.
Qd2 Nb4 22. Ba1 Rfd8 23. Nb5 Qxd3 24. Qe1 Qf5 25. Qe3 Rxd1+ 26. Rxd1 Nc2 27. Qxb6 Nxa1 28. Rxa1 Bxb3 29. Nd6 Qe6 30. Nxc8 Qxc8 31. Qxb3 e4 32. Re1 h5 0-1

[Event "Late-Titled-Tuesday-Blitz-January-16-2024"]
[Site "Chess.com"]
[Date "2024.01.16"]
[Round "6"]
[White "DonJuan_34"]
[Black "MKlose11"]
[Result "0-1"]
[WhiteElo "2421"]
[BlackElo "2640"]
[TimeControl "180+1"]
[EndTime "15:03:23 PST"]
[Termination "MKlose11 won by resignation"]

1. d4 Nf6 2. c4 g6 3. Nc3 c5 4. d5 d6 5. Nf3 Bg7 6. h3 O-O 7. Bf4 Na6 8. e3 Nc7 9. Be2 Rb8 10. O-O b6 11. Nd2 a6 12. a4 Bd7 13. e4 b5 14.
axb5 axb5 15. Qc2 b4 16. Nd1 Ra8 17. Ne3 Qb8 18. e5 dxe5 19. Bxe5 Nfe8 20. Bxg7 Kxg7 21. Nb3 Qb6 22. Rxa8 Nxa8 23. Qe4 Qd6 24. Ra1 Nf6 25.
Qc2 Nb6 26. Ra5 Ra8 27. Rxc5 Ba4 28. Qd3 Bxb3 29. Rc6 Ra1+ 30. Bf1 Bxc4 31. Nxc4 Qxd5 32. Qxd5 Nbxd5 33. Ne3 Nxe3 34. fxe3 Ne4 35. Rc2 Ng3 36. Rf2 f5 37. Rf3 Nxf1 38. Rxf1 Rxf1+ 39. Kxf1 Kf6 40. Ke2 Ke5 41. Kd3 Kd5 42. b3 h6 43. h4 g5 44.
hxg5 hxg5 45. g3 e6 46. e4+ fxe4+ 47. Ke3 Ke5 48. g4 Kd5 49. Ke2 Kd4 50. Kd2 e3+ 51. Ke2 Ke4 0-1

[Event "Late-Titled-Tuesday-Blitz-January-16-2024"]
[Site "Chess.com"]
[Date "2024.01.16"]
[Round "6"]
[White "GAusal"]
[Black "PNEPaul"]
[Result "1/2-1/2"]
[WhiteElo "2269"]
[BlackElo "1915"]
[TimeControl "180+1"]
[EndTime "15:03:23 PST"]
[Termination "Game drawn by repetition"]

1. d4 a6 2. Nf3 d6 3. e4 g6 4. Bd3 Bg7 5. c3 Nd7 6. Be3 e5 7. Nbd2 h6 8. O-O Ne7 9. h3 O-O 10. Nh2 f5 11. f3 f4 12. Bf2 g5 13. dxe5 Nxe5 14. Be2 Qe8 15. Ng4 Nxg4 16. hxg4 Be6 17. Bc4 Bxc4 18. Nxc4 Ng6 19. Qb3 Qf7 20. Rfd1 Ne5 21.
Nxe5 Qxb3 22. axb3 Bxe5 23. Rd5 Rfd8 24. Rad1 Kf7 25.
b4 Ke6 26. R5d3 c6 27. Kf1 d5 28. exd5+ Rxd5 29. Rxd5 cxd5 30. Ke2 Rd8 31. Bd4 Bxd4 32. Rxd4 Ke5 33. Rd2 d4 34. c4 b5 35. c5 Kd5 36.
Kd3 Re8 37. Re2 Re3+ 38. Kd2 Rb3 39. Re8 Rxb2+ 40. Kd3 Rb3+ 41. Kd2 Rb2+ 42. Kd3 Rb3+ 43. Kd2 Rb2+ 1/2-1/2